 Dungeon Crawl Stone Soup version 0.20.1-1-g8b1a95d (webtiles) character file.

6606 Jazqa the Fighter (level 11, -8/76 HPs)
             Began as a Gargoyle Fighter on Oct 27, 2017.
             Was a Priest of Qazlal.
             Mangled by Gastronok (14 damage)
             ... on level 8 of the Dungeon.
             The game lasted 00:15:55 (8473 turns).

Jazqa the Fighter (Gargoyle Fighter)                Turns: 8473, Time: 00:15:56

Health: -8/76      AC: 18    Str: 20    XL:     11   Next: 2%
Magic:  14/14      EV:  5    Int:  9    God:    Qazlal [***...]
Gold:   233        SH: 21    Dex: 12    Spells: 10/10 levels left

rFire    . . .     SeeInvis .   w - +3 whip (flame)
rCold    . . .     Gourm    .   a - +2 large shield
rNeg     + + .     Faith    .   b - +0 scale mail
rPois    ∞         Spirit   .   (no helmet)
rElec    +         Reflect  .   t - scarf {repulsion}
rCorr    .         Harm     .   (no gloves)
MR       .....                  s - +2 pair of boots
Stlth    ..........             (no amulet)
Regen    0.3/turn               N - ring of positive energy
MPRegen  0.2/turn               (no ring)

@: hasted and slowed, repel missiles
A: negative energy resistance 1, electricity resistance, unbreathing,
petrification resistance, rot immunity, AC +7
a: Upheaval, Elemental Force, Renounce Religion


You were on level 8 of the Dungeon.
You worshipped Qazlal.
Qazlal was most pleased with you.
You were not hungry.

You visited 1 branch of the dungeon, and saw 9 of its levels.

You collected 408 gold pieces.
You spent 175 gold pieces at shops.


Innate Abilities, Weirdness & Mutations

You are resistant to torment.
Your stone body is resilient. (AC +7)
You are immune to poison.
You resist negative energy. (rN+)
You are resistant to electric shocks. (rElec)
You can survive without breathing.
You are immune to petrification.
You are immune to rotting.


   Skills:
 + Level 11.7 Fighting
 + Level 10.6 Maces & Flails
 + Level 5.6 Armour
 + Level 5.4 Shields
 + Level 4.1 Invocations


You had 10 spell levels left.
You didn't know any spells.

Inventory:

Hand Weapons
 d - a +0 morningstar of protection
 n - a +0 dagger
 w - a +3 whip of flaming (weapon)
 D - the +2 flail "Cil Ribla" {drain, rElec}
   (You found it on level 9 of the Dungeon)

   A truly terrible weapon, it drains the life of those it strikes.
   It insulates you from electricity.
Missiles
 p - a throwing net {=f}
Armour
 a - a +2 large shield (worn)
 b - a +0 scale mail (worn)
 s - a +2 pair of boots (worn)
 t - a scarf of repulsion (worn)
Jewellery
 g - the ring of Xuet {MR- AC+4 Str+2 Stlth+}
   (You took it off a gnoll on level 8 of the Dungeon)

   [ring of protection]

   It affects your AC (+4).
   It affects your strength (+2).
   It affects your resistance to hostile enchantments.
   It makes you more stealthy.
 N - a ring of positive energy (left hand)
Wands
 e - a wand of lightning (7/15)
 A - a wand of flame (35/48)
 C - a wand of clouds (1/9)
 E - a wand of flame (16/48)
Scrolls
 j - 2 scrolls of teleportation {@r4}
 k - 2 scrolls of remove curse {@r2}
 o - 2 scrolls of recharging
 y - 3 scrolls of magic mapping
 z - 2 scrolls of immolation {!r}
 G - a scroll of amnesia {unknown}
 H - a scroll of identify {@r1}
 I - 3 scrolls of fog {unknown}
Potions
 c - a potion of flight
 h - a potion of berserk rage {unknown}
 m - a potion of brilliance
 r - a potion of haste {@q3}
 v - 2 potions of mutation {unknown}
 x - 2 potions of lignification {!q}
 F - a potion of invisibility {unknown}
Books
 B - a book of Beasts

   Spells                             Type                      Level
   a - Summon Butterflies             Summoning                    1
   b - Call Canine Familiar           Summoning                    3
   c - Summon Ice Beast               Ice/Summoning                4
   d - Summon Mana Viper              Hexes/Summoning              5
   e - Summon Hydra                   Summoning                    7
Comestibles
 f - 8 bread rations {@e1}
 i - 9 fruits {@e2}
 l - 2 meat rations {@e1}
 q - a royal jelly {@e3}
 u - a chunk of flesh

Dungeon Overview and Level Annotations

Branches:
Dungeon (9/15)             Temple (0/1) D:7            Lair (0/6) D:9
    Orc: D:9-12

Altars:
Ashenzari
Cheibriados
Elyvilon
Gozag
Hepliaklqana
Makhleb
Qazlal
Ru
Trog
Uskayaw
Zin

Shops:
D:4 *

Annotations:
D:8 exclusion: ice statue, Gastronok

#..........##.# #...#.#.#.#.#
#.#.##...#.##.# #...#.#.#.#.#
#...##...#.##.# #.........#.#
...........##.# #.#.#.......###
#.#........##.###.#...........#
#.#.#.............#.#..######.#
#.#...###..##.##..#.#..# #.#
...##.###..##.##w......# #.#
#..........##.##@.#.#.#######.#
...............#§§............###
...#######.##..(.................
...........##.##>.#.#.###########
##.........##.##..#.#.#
##.##########.##..#.#.# ##.#
#.##..#.#.########### )..#
#.##..#.#...........# .<.#
#........##########.#


You could see Gastronok.


Message History

Gastronok casts a spell at you.
You feel yourself slow down.
You hit Gastronok. You burn Gastronok.
Gastronok is severely wounded.
You hit Gastronok. You burn Gastronok.
Gastronok is severely wounded.
Gastronok gurgles, "It's true, you are what you eat."
You block Gastronok's attack.
You hit Gastronok. You burn Gastronok.
Gastronok is severely wounded.
You hit Gastronok. You burn Gastronok.
Gastronok is severely wounded.
Gastronok bites you.
* * * LOW HITPOINT WARNING * * *
Your shield and scale mail prevent you from hitting Gastronok.
Gastronok is severely wounded.
You hit Gastronok but do no damage.
Gastronok is severely wounded.
Gastronok bites you!!
* * * LOW HITPOINT WARNING * * *
Unknown command.
Okay, then.
Use which ability? (? or * to list)
Aiming: Upheaval
Press: ? - help, Dir - move target cursor, f - Gastronok
Aim: Gastronok, wearing a runed hat (severely wounded) That beam is likely to hit you.
Continue anyway?
Okay, then.
You feel yourself speed up. Gastronok bites you!
You die...

Skill      XL: |  1  2  3  4  5  6  7  8  9 10 |
---------------+-------------------------------+-----
Fighting       | 4 5 7 9 11 | 11.7
Maces & Flails | 3 4 6 8 10 | 10.6
Invocations    | 4 |  4.1
Armour         | 5 |  5.6
Shields        | 5 |  5.4

Action                   |  1- 3 |  4- 6 |  7- 9 | 10-12 || total
-------------------------+-------+-------+-------+-------++-------
Melee: Flail             |    57 |       |       |    23 ||    80
       Whip              |    59 |   327 |   464 |   327 ||  1177
Invok: Upheaval          |       |       |       |     1 ||     1
  Use: Scroll            |       |     6 |     8 |     1 ||    15
       Potion            |       |     1 |     6 |     2 ||     9
  Eat: Chunk             |     1 |     5 |     9 |     5 ||    20
       Royal jelly       |       |       |     1 |     1 ||     2
       Fruit             |       |       |     1 |     1 ||     2
Armor: Scale mail        |    46 |    95 |   158 |   111 ||   410
Dodge: Dodged            |    35 |    36 |    49 |    45 ||   165
       Deflected         |       |       |     5 |       ||     5
Block: Shield            |    30 |       |       |       ||    30
       Large shield      |    50 |   215 |   343 |   273 ||   881

Vault maps used:
D:1:      dpeg_arrival_court
D:2:      cheibrodos_pilgrimage, overflow_temple_1_default
D:3:      lemuel_doored_altar, first_bread
D:4:      minmay_door_path, marbit_many_paths, serial_shops, nicolae_shop_stone,
          uniq_edmund, uniq_pikel
D:5:      nicolae_overflow_crystal_walls, cheibrodos_ashenzari_chains,
          gammafunk_temple_overflow_elements
D:6:      serial_shops, nicolae_shop_behind_doors
D:7:      kennysheep_little_box, minmay_temple_entry_statues,
          minmay_misc_feat_secret_circle
D:8:      minmay_statue_hallways, eat_drink_and_be_merry_uskayaw,
          lemuel_coloured_pillars_altar, the_bakery, uniq_erica, uniq_gastronok
D:9:      makhleb_altar_promises_db, erik_lair_island

Notes
Turn   | Place    | Note
-------+----------+-------------------------------------------
     0 | D:1      | Jazqa the Gargoyle Fighter began the quest for the Orb.
     0 | D:1      | Reached XP level 1. HP: 14/14 MP: 1/1
   192 | D:1      | Reached XP level 2. HP: 18/19 MP: 2/2
   681 | D:2      | Reached skill level 4 in Fighting
   681 | D:2      | Reached XP level 3. HP: 18/24 MP: 3/3
   797 | D:2      | Reached skill level 3 in Maces & Flails
   917 | D:2      | Found a glowing silver altar of Zin.
  1025 | D:2      | Reached XP level 4. HP: 29/29 MP: 4/4
  1510 | D:2      | Reached XP level 5. HP: 33/34 MP: 5/5
  1691 | D:3      | Found a bloodstained altar of Trog.
  1741 | D:3      | Reached skill level 4 in Maces & Flails
  1771 | D:3      | Reached skill level 5 in Fighting
  2195 | D:4      | Found a stormy altar of Qazlal.
  2287 | D:4      | Became a worshipper of Qazlal Stormbringer
  2417 | D:4      | Reached XP level 6. HP: 34/40 MP: 6/6
  2652 | D:4      | Noticed a slave
  2653 | D:4      | Noticed a slave
  2654 | D:4      | Noticed Pikel
  2674 | D:4      | Killed a slave
  2685 | D:4      | Killed a slave
  2739 | D:4      | Noticed a slave
  2758 | D:4      | Killed a slave
  2779 | D:4      | Noticed a slave
  2802 | D:4      | Killed a slave
  2859 | D:4      | Killed Pikel
  2859 | D:4      | Reached skill level 7 in Fighting
  2859 | D:4      | Reached skill level 6 in Maces & Flails
  2859 | D:4      | Reached XP level 7. HP: 25/48 MP: 7/7
  3034 | D:4      | Noticed Edmund
  3071 | D:4      | Killed Edmund
  3071 | D:4      | Reached XP level 8. HP: 37/53 MP: 8/8
  3268 | D:4      | Found Toumy's Assorted Antiques.
  3446 | D:4      | Bought a glowing morningstar for 175 gold pieces
  3496 | D:5      | Entered Level 5 of the Dungeon
  3528 | D:5      | Found a shattered altar of Ashenzari.
  3538 | D:5      | Found a sacrificial altar of Ru.
  3795 | D:5      | Reached skill level 7 in Maces & Flails
  3859 | D:5      | Reached skill level 8 in Fighting
  4145 | D:5      | Found a snail-covered altar of Cheibriados.
  4145 | D:5      | Found a white marble altar of Elyvilon.
  4285 | D:6      | Noticed a seven-headed hydra
  4589 | D:7      | Reached * piety under Qazlal
  4598 | D:7      | Reached skill level 8 in Maces & Flails
  4607 | D:7      | Reached skill level 9 in Fighting
  4968 | D:7      | Reached XP level 9. HP: 60/60 MP: 9/9
  5263 | D:7      | Identified a potion of resistance
  5334 | D:7      | Found a hazy altar of Hepliaklqana.
  5391 | D:7      | Found a staircase to the Ecumenical Temple.
  5590 | D:8      | Reached skill level 10 in Fighting
  5590 | D:8      | Reached skill level 9 in Maces & Flails
  5883 | D:8      | Noticed Gastronok
  5951 | D:9      | Reached ** piety under Qazlal
  6170 | D:8      | Noticed an ice statue
  6197 | D:8      | Noticed Erica
  6221 | D:8      | Killed Erica
  6221 | D:8      | Reached skill level 11 in Fighting
  6234 | D:8      | Reached skill level 10 in Maces & Flails
  6234 | D:8      | Reached XP level 10. HP: 27/69 MP: 10/10
  6239 | D:8      | Got a transparent bone ring
  6273 | D:8      | Identified the ring of Xuet {MR- AC+4 Str+2 Stlth+} (You took it off a gnoll on level 8 of the Dungeon)
  6303 | D:8      | Found a hide-covered altar of Uskayaw.
  6491 | D:7      | Reached skill level 1 in Invocations
  6789 | D:8      | Found an opulent altar of Gozag.
  7126 | D:9      | Reached skill level 4 in Armour
  7241 | D:9      | Reached skill level 4 in Shields
  7241 | D:9      | Reached skill level 2 in Invocations
  7313 | D:9      | Reached *** piety under Qazlal
  7313 | D:9      | Reached skill level 3 in Invocations
  7533 | D:9      | Found a burning altar of Makhleb.
  7547 | D:9      | Noticed an Executioner
  7551 | D:9      | Noticed a smoke demon
  7645 | D:9      | Got a translucent flail
  7649 | D:9      | Identified the +2 flail "Cil Ribla" {drain, rElec} (You found it on level 9 of the Dungeon)
  7671 | D:9      | Found a staircase to the Lair.
  7683 | D:9      | Reached skill level 5 in Armour
  7685 | D:9      | Reached skill level 5 in Shields
  7686 | D:9      | HP: 7/70 [wyvern skeleton (2)]
  8064 | D:9      | Reached skill level 4 in Invocations
  8074 | D:9      | Reached XP level 11. HP: 54/76 MP: 14/14
  8472 | D:8      | HP: 6/76 [Gastronok (26)]
  8473 | D:8      | Mangled by Gastronok

Vanquished Creatures
  Erica (D:8)
  Pikel (D:4)
  A troll (D:9)
  A spriggan (D:8)
  5 yaks (D:9)
  Edmund (D:4)
  2 water moccasins
  An orc warrior (D:7)
  5 sky beasts
  4 slaves (D:4)
  An ice beast (D:7)
  An eye of draining (D:8)
  2 black bears
  4 centaurs
  5 wolves (D:9)
  4 bullfrogs
  3 big kobolds
  A gnoll sergeant (D:7)
  2 scorpions
  A wyvern skeleton (D:9)
  3 killer bees (D:7)
  2 howler monkeys
  8 wights (D:9)
  3 electric eels (D:9)
  A centaur zombie (D:6)
  3 crimson imps
  5 hounds
  3 orc priests
  2 jellies
  An orc wizard (D:7)
  A centaur skeleton (D:7)
  6 iguanas
  3 worker ants
  A worker ant zombie (D:9)
  9 gnolls
  16 adders
  2 shadow imps
  An adder zombie (D:7)
  3 adder skeletons
  3 worms
  3 dart slugs
  3 leopard geckos
  20 orcs
  4 ball pythons
  5 bats
  4 giant cockroaches
  7 goblins
  5 hobgoblins
  4 jackals (D:5)
  30 kobolds
  8 quokkas
  5 frilled lizards
  A jackal skeleton (D:5)
  2 leopard gecko skeletons
  A quokka skeleton (D:7)
  3 rats
227 creatures vanquished.

Vanquished Creatures (others)
  A jackal skeleton (D:3)
1 creature vanquished.

Grand Total: 228 creatures vanquished
